Selects Airborne Battlegroup
Selects Heavy Machine Gun Paradrop
Heavy Machine Gun Paradrop
Construct Weapon Support Center
Heavy Machine Gun Paradrop
Heavy Machine Gun Paradrop
Selects Paratrooper Squad Paradrop
Paratrooper Squad Paradrop
Paratrooper Squad Paradrop
M3 Armored Personnel Carrier
Construct Medical Station
Selects Anti-tank Gun Team Paradrop
Paratrooper Squad Paradrop
Selects Smoke Bombing Run
Anti-tank Gun Team Paradrop
Anti-tank Gun Team Paradrop